 Seeded DCSS version 0.30-a0-297-g0ec75d9ef4 (webtiles) character file.

Game seed: 3022450438137079507 (custom seed)

49 Iusername the Shield-Bearer (level 3, 0/33 HPs)
             Began as a Minotaur Fighter on Oct 18, 2022.
             Slain by Sigmund
             ... wielding a +0 scythe
              (3 damage)
             ... on level 2 of the Dungeon.
             The game lasted 00:00:53 (782 turns).

Iusername the Shield-Bearer (Minotaur Fighter)       Turns: 782, Time: 00:00:53

Health: 0/33       AC:  7    Str: 22    XL:     3   Next: 53%
Magic:  2/2        EV:  9    Int:  5    God:
Gold:   44         SH:  4    Dex:  9    Spells: 2/2 levels left

rFire   . . .      SeeInvis .    a - +0 war axe
rCold   . . .      Faith    .    c - +0 buckler
rNeg    . . .      Spirit   .    b - +0 scale mail
rPois   .          Reflect  .    (helmet restricted)
rElec   .          Harm     .    (no cloak)
rCorr   .          Rampage  .    (no gloves)
Will    .....                    (no boots)
Stlth   ..........               (no amulet)
HPRegen 0.25/turn                (no ring)
MPRegen 0.08/turn                (no ring)

@: no status effects
A: horns 2, retaliatory headbutt
a: no special abilities


You were on level 2 of the Dungeon.
You visited 1 branch of the dungeon, and saw 2 of its levels.

You collected 44 gold pieces.

Inventory:

Hand Weapons
 a - a +0 war axe (weapon)
Armour
 b - a +0 scale mail (worn)
 c - a +0 buckler (worn)
 j - a +0 pair of gloves
Jewellery
 e - a ring of wizardry
 g - a +6 ring of intelligence
Scrolls
 h - 3 scrolls of butterflies {unknown}
 l - a scroll of immolation {unknown}
 m - a scroll of enchant armour {unknown}
Potions
 d - a potion of might
 f - a potion of lignification {unknown}
 i - a potion of brilliance {unknown}
 k - a potion of attraction {unknown}
 n - a potion of experience {unknown}


   Skills:
 + Level 4.2 Fighting
 + Level 3.1 Axes
 + Level 4.2 Armour
 + Level 4.2 Shields


You had 2 spell levels left.
You didn't know any spells.
Your spell library was empty.

Dungeon Overview and Level Annotations

Branches:
Dungeon (2/15)

Altars:

Shops:
D:2 (

Annotations:
D:2 Sigmund


Innate Abilities, Weirdness & Mutations

You have a pair of horns on your head.
You reflexively headbutt those who attack you in melee.


Message History

You furiously retaliate!
You headbutt the adder. You block the adder's attack.
An adder is nearby!
You slash the adder!
You kill the adder!
No target in view!
You see here an adder corpse.
Sigmund the Dreaded comes into view.
He is wielding a +0 scythe.
Sigmund casts a spell at you. The magic dart hits you.
Sigmund is nearby!
A frilled lizard comes into view.
The frilled lizard hisses angrily.
The frilled lizard moves out of view.
Sigmund casts a spell.
Sigmund flickers and vanishes!
Deactivating autopickup; reactivate with Ctrl-A.
There is a strange disturbance nearby!
There is a strange disturbance nearby!
No target in view!
There is a strange disturbance nearby!
No target in view!
Something hits you.
You miss something. Your headbutt misses something.
Something hits you but does no damage.
You hit the frilled lizard.
You kill the frilled lizard!
You closely miss something. Something hits you!
You slash something! Your headbutt misses something.
You hear some strange, mumbled words.
You are confused.
Something hits you.
You closely miss something. Your headbutt misses something. Something hits you!
* * * LOW HITPOINT WARNING * * *
Okay, then.
Something hits you but does no damage. Something hits you.
* * * LOW HITPOINT WARNING * * *
You feel less confused. Something hits you.
You die...

## ### ## #.##.##
...#.....#########
#.......†.......#
#+##...######...##
###..@.##.....##
##...#.....†.##
+{#.#...∩....#
#.#.#.......)######
....##)....#......#
..#..###...##.......
## #....#.########.#
......# #...#
.##...# #.###


There were no monsters in sight!

Vanquished Creatures
  A gnoll (D:1)
  An adder (D:2)
  A dart slug (D:1)
  3 ball pythons (D:1)
  2 bats (D:1)
  2 endoplasms (D:1)
  2 giant cockroaches (D:1)
  3 goblins
  4 hobgoblins (D:1)
  A kobold (D:1)
  2 quokkas (D:1)
  2 frilled lizards
  2 rats (D:1)
26 creatures vanquished.

Notes
Turn   | Place    | Note
-------+----------+-------------------------------------------
     0 | D:1      | Iusername the Minotaur Fighter began the quest for the Orb.
     0 | D:1      | Reached XP level 1. HP: 19/19 MP: 0/0
   150 | D:1      | Reached XP level 2. HP: 24/27 MP: 1/1
   391 | D:1      | Reached XP level 3. HP: 33/33 MP: 2/2
   746 | D:2      | Found Juamen's Weapon Shop.
   770 | D:2      | Noticed Sigmund
   782 | D:2      | Slain by Sigmund

Illustrated notes

Levels and vault maps discovered:
D:1:      moated_graveyard_arrival, layout_loops_ring
D:2:      wad_river_or_something, layout_basic, serial_shops,
          nicolae_shop_bloodbath_and_beyond, minmay_divided_ellipse,
          uniq_sigmund

Skill      XL: |  1  2 |
---------------+-------+-----
Fighting       | 4 |  4.2
Shields        | 4 |  4.2
Axes           | 3 |  3.1
Armour         | 4 |  4.2

Action                   || total
-------------------------++-------
Melee: War axe           ||    40
       Headbutt          ||     7
Armor: Scale mail        ||    15
Dodge: Dodged            ||    16
Block: Buckler           ||     4

Table legend: (Time is in decaauts)
 A = Elapsed time spent in this place.
 B = Non-inter-level travel time spent in this place.
 C = Inter-level travel time spent in this place.
 D = Time resting spent in this place.
 E = Time spent auto-exploring this place.
 F = Levels seen in this place.
 G = Mean time per level.
                   A        B        C        D        E       F      G
               +--------+--------+--------+--------+--------+-----+--------+
         Total |    798 |    746 |     52 |      0 |    602 |   2 |  399.0 |
       Dungeon |    798 |    746 |     52 |      0 |    602 |   2 |  399.0 |
               +--------+--------+--------+--------+--------+-----+--------+

Top non-repeatable levels by time:
     D:1: 720 daAuts
     D:2: 77 daAuts
